 Dungeon Crawl Stone Soup version 0.30-a0-881-g1ff12e1e11 (webtiles) character file.

Game seed: 12520654790921169000

19833 jasper the Thaumaturge (level 12, -2/141 HPs)
             Began as a Demigod Conjurer on Mar 14, 2023.
             Hit by a javelin thrown by Urug (9 damage)
             ... on level 2 of the Lair of Beasts.
             The game lasted 00:37:41 (16542 turns).

jasper the Thaumaturge (Demigod Conjurer)          Turns: 16542, Time: 00:37:41

Health: -2/141     AC: 30    Str:  8    XL:     12   Next: 12%
Magic:  2/30       EV:  2    Int: 36    God:
Gold:   805        SH:  0    Dex: 12    Spells: 3/30 levels left

rFire   . . .      SeeInvis .    x - +3 whip (elec)
rCold   . . .      Faith    .    (no shield)
rNeg    . . .      Spirit   .    O - melded +1 robe "Kiliafis" {Str+2 Int+4}
rPois   +          Reflect  .    p - melded +0 helmet
rElec   .          Rampage  .    A - melded +0 cloak {Will+}
rCorr   .          NoTele   +    (gloves currently unavailable)
Will    +....                    b - melded +0 pair of boots
Stlth   ++                       (no amulet)
HPRegen 0.43/turn                E - +4 ring of protection
MPRegen 0.22/turn                q - ring of poison resistance

@: tree-form
A: stationary, stasis, torment immunity, boosted hp, high MP 1, forlorn, divine
attributes
a: no special abilities


You were on level 2 of the Lair of Beasts.
You were a tree.
You visited 2 branches of the dungeon, and saw 13 of its levels.
You also visited: Ossuary.

You collected 805 gold pieces.

Inventory:

Hand Weapons
 c - a +3 battleaxe
 d - a +3 sling
 g - a +0 whip
 x - a +3 whip of electrocution (weapon)
Missiles
 t - 3 throwing nets
 y - 6 curare-tipped darts
Armour
 a - a +1 robe
 b - a +0 pair of boots (melded)
 j - a +2 cloak
 p - a +0 helmet (melded)
 A - a +0 cloak of willpower (melded)
 D - +0 acid dragon scales
 H - a +0 troll leather armour
 O - the +1 robe "Kiliafis" (melded) {Str+2 Int+4}
   (You found it on level 2 of the Lair of Beasts)

   Str:       It affects your strength (+2).
   Int:       It affects your intelligence (+4).
Jewellery
 h - a ring of protection from cold
 q - a ring of poison resistance (right branch)
 E - a +4 ring of protection (left branch)
 F - a ring of flight
 M - a +6 ring of dexterity
Wands
 k - a wand of flame (19)
 m - a wand of charming (5)
 u - a wand of polymorph (14)
Scrolls
 n - 5 scrolls of amnesia
 s - 3 scrolls of magic mapping
 v - 2 scrolls of enchant armour
 z - 2 scrolls of poison
 I - 2 scrolls of blinking
 K - 3 scrolls of fog
 L - 3 scrolls of teleportation
 N - a scroll of identify
Potions
 e - 2 potions of cancellation
 f - 2 potions of might
 i - 2 potions of brilliance
 o - 6 potions of curing
 r - 2 potions of ambrosia
 w - 2 potions of flight
 B - a potion of berserk rage {unknown}
 C - 2 potions of haste {unknown}
Miscellaneous
 G - a phial of floods (inert)
 J - a phantom mirror (inert)


   Skills:
 + Level 5.6 Fighting
 - Level 6.0 Armour
 + Level 6.0 Dodging
 - Level 1.7 Stealth
 * Level 9.8 Spellcasting
 - Level 5.0 Conjurations
 - Level 6.8 Hexes
 - Level 5.1 Necromancy
 - Level 3.0 Translocations
 - Level 5.0 Transmutations
 - Level 5.1 Earth Magic


You had 3 spell levels left.
You knew the following spells:

 Your Spells              Type           Power      Damage    Failure   Level
a - Magic Dart            Conj           100%       1d8       1%          1
b - Searing Ray           Conj           100%       2d8       1%          2
c - Dazzling Flash        Conj/Hex       100%       N/A       1%          3
d - Tukima's Dance        Hex            61%        N/A       1%          3
e - Fulminant Prism       Conj/Hex       28%        3d14      1%          4
f - Iskenderun's Mystic   Conj/Tloc      46%        2d10      4%          4
g - Yara's Violent Unrav  Hex/Tmut       28%        3d12      6%          5
h - Borgnjor's Vile Clut  Necr/Erth      26%        N/A       8%          5

Your spell library contained the following spells:

 Spells                   Type           Power      Damage    Failure   Level
 Kiss of Death            Conj/Necr      100%       2d13      1%          1
 Confusing Touch          Hex            61%        N/A       1%          3
 Portal Projectile        Hex/Tloc       100%       N/A       1%          3
 Call Canine Familiar     Summ           17%        N/A       7%          3
 Leda's Liquefaction      Hex/Erth       28%        N/A       1%          4
 Dispel Undead            Necr           53%        3d19      2%          4
 Passage of Golubria      Tloc           39%        N/A       7%          4
 Alistair's Intoxication  Tmut/Pois      23%        N/A       24%         5
 Eringya's Noxious Bog    Tmut/Pois      17%        N/A       78%         6


Dungeon Overview and Level Annotations

Branches:
Dungeon (11/15)            Temple (0/1) D:4            Lair (2/5) D:10
    Orc (0/2) D:10        Ossuary (visited)
  Swamp: Lair:2-3    Shoals: Lair:2-3     Snake: Lair:2-3    Spider: Lair:2-3

Annotations:
D:4 3 runed translucent doors, SkeletonJelly's ghost, amateur MfGl
Lair:2 Urug


Innate Abilities, Weirdness & Mutations

You are a tree.
Your roots penetrate the ground, keeping you stationary.
You cannot be teleported.
You are immune to unholy pain and torment.
Your maximum health is greatly increased.
Your equipment is partially melded.
You have an increased reservoir of magic. (+10% MP)
You shall have no god before yourself.
Your divine heritage dramatically boosts your attributes as you level up.


Message History

It was a potion of lignification.
You turn into a tree.
Your +0 cloak of willpower melds into your body.
Your +0 helmet melds into your body.
Your +0 pair of boots melds into your body.
The +1 robe "Kiliafis" {Str+2 Int+4} melds into your body.
You feel less strong-willed.
Your roots penetrate the ground.
Urug throws a javelin.
The javelin pierces through you but does no damage.
You now have 29/141 hp.
Casting: Iskenderun's Mystic Blast (mildly dangerous; 4% risk of failure)
Confirm with . or Enter, or press ? or * to list all spells.
Aiming: Searing Ray (safe; 1% risk of failure)
Press: ? - help, Shift-Dir - straight line, f - Urug
Aim: Urug, wearing a +4 chain mail of positive energy, quivering javelins and carrying a wand of digging (3) (heavily wounded, 81% to hit)
The searing ray hits Urug but does no damage.
Urug is heavily wounded. (Press . to maintain the ray.) Urug throws a javelin.
The javelin pierces through you!
* * * LOW HITPOINT WARNING * * *
You take 11 damage, and have 18/141 hp.
You now have 8/30 mp.
The searing ray hits Urug!
Urug is severely wounded.
You now have 7/30 mp.
The searing ray hits Urug.
Urug is severely wounded.
The searing ray hits Urug but does no damage.
Urug is severely wounded.
You finish channelling your searing ray.
Urug hits you!
* * * LOW HITPOINT WARNING * * *
You take 11 damage, and have 7/141 hp.
You now have 6/30 mp.
Casting: Searing Ray (safe; 1% risk of failure)
Confirm with . or Enter, or press ? or * to list all spells.
You erupt in a blast of force!
The mystic blast hits Urug.
Urug is severely wounded.
Urug is knocked back by the mystic blast.
Urug slams into the rock wall!
Urug is almost dead.
Urug throws a javelin.
The javelin pierces through you!
You die...

.... ......>..... ...!
##..P ##.......... .(..
#...# ##......... .....
###..### ###.........
....†##......###.#.........
..)..o...................
..>.....................
.##†#†..#######...##.#.#
#...♣# #...####### ###..##
##..# #....## #..# ##....#
##..# ##..## #...# #..#
#...P# #..# #...## #...
#...# #..# ##..#


You could see Urug.

Vanquished Creatures
  A boulder beetle (D:11)
  7 elephants
  Maurice (D:9)
  3 cane toads
  An unseen horror (D:11)
  Maggie (D:7)
  4 komodo dragons
  A troll (D:10)
  Grinder (D:5)
  35 yaks
  A vampire (D:11)
  3 wyverns
  2 steam dragons
  2 basilisks
  2 vampire mosquitoes (D:10)
  An acid dragon (D:9)
  2 dancing weapons
  4 water moccasins
  2 black bears (D:10)
  A sky beast (D:8)
  An ice beast (D:6)
  3 ogres
  2 orc warriors
  6 wolves (Lair:2)
  4 centaurs
  A phantom (D:6)
  2 elf zombies (Ossuary)
  A kobold brigand (D:6)
  7 bullfrogs
  A gnoll sergeant (D:9)
  2 scorpions
  5 wights
  3 killer bees (D:10)
  5 howler monkeys
  3 centaur zombies (Ossuary)
  2 jellies
  12 orc priests
  A human zombie (Ossuary)
  2 hounds (D:5)
  13 orc wizards
  2 iguanas
  2 hound zombies (Ossuary)
  3 mummies (Ossuary)
  Robin (D:4)
  21 gnolls
  7 adders
  4 shadow imps
  A white imp (D:8)
  4 adder zombies (Ossuary)
  A worm (D:2)
  5 dart slugs
  64 orcs
  7 ball pythons
  4 bats
  A bat zombie (D:9)
  9 endoplasms
  4 giant cockroaches
  A gnoll zombie (Ossuary)
  12 goblins
  6 hobgoblins
  19 jackals
  4 quokkas
  3 frilled lizards
  3 goblin zombies (Ossuary)
  4 hobgoblin zombies (Ossuary)
  2 jackal zombies (Ossuary)
  9 kobolds
  A kobold zombie (Ossuary)
  4 orc zombies (Ossuary)
  4 quokka zombies (Ossuary)
  8 rats
  6 rat zombies
377 creatures vanquished.

Vanquished Creatures (collateral kills)
  3 two-headed ogres
  2 orc warriors
  A gnoll sergeant (D:5)
  2 wights (D:9)
  2 orc priests (D:10)
  3 gnolls (D:6)
  4 orcs (D:10)
17 creatures vanquished.

Vanquished Creatures (others)
  5 dancing weapons
  80 fulminant prisms
  3 fungi (Lair:2)
  7 plants
95 creatures vanquished.

Grand Total: 489 creatures vanquished

Notes
Turn   | Place    | Note
-------+----------+-------------------------------------------
     0 | D:1      | jasper the Demigod Conjurer began the quest for the Orb.
     0 | D:1      | Reached XP level 1. HP: 14/14 MP: 5/5
    63 | D:1      | Reached skill level 2 in Spellcasting
   222 | D:1      | Reached XP level 2. HP: 20/20 MP: 3/7
   225 | D:1      | Learned a level 2 spell: Searing Ray
   947 | D:2      | Reached skill level 3 in Spellcasting
   947 | D:2      | Reached XP level 3. HP: 26/26 MP: 6/10
   955 | D:2      | Learned a level 3 spell: Dazzling Flash
  1180 | D:2      | Reached skill level 1 in Hexes
  1609 | D:2      | Reached XP level 4. HP: 33/33 MP: 6/11
  2988 | D:4      | Noticed an ogre
  3004 | D:4      | Killed an ogre
  3005 | D:4      | Reached XP level 5. HP: 29/38 MP: 8/13
  3009 | D:4      | Learned a level 3 spell: Tukima's Dance
  3181 | D:4      | Found a runed translucent gate.
  3182 | D:4      | Found a runed translucent gate.
  3182 | D:4      | Found a runed translucent gate.
  3183 | D:4      | Noticed SkeletonJelly's ghost (amateur MfGl)
  3258 | D:4      | Noticed Robin
  3273 | D:4      | Reached skill level 4 in Spellcasting
  3273 | D:4      | Killed Robin
  3436 | D:4      | Found a sand-covered staircase.
  3441 | Ossuary  | Entered an ossuary
  3552 | Ossuary  | Reached XP level 6. HP: 43/45 MP: 6/16
  3557 | Ossuary  | Learned a level 4 spell: Fulminant Prism
  4008 | Ossuary  | Reached XP level 7. HP: 45/50 MP: 3/17
  4355 | D:4      | Reached skill level 5 in Conjurations
  4362 | D:4      | Found a staircase to the Ecumenical Temple.
  4910 | D:5      | Entered Level 5 of the Dungeon
  4994 | D:5      | Reached skill level 5 in Spellcasting
  5031 | D:5      | Noticed Grinder
  5043 | D:5      | Killed Grinder
  5044 | D:5      | Reached skill level 6 in Spellcasting
  5055 | D:5      | Learned a level 4 spell: Iskenderun's Mystic Blast
  5230 | D:5      | Reached skill level 1 in Translocations
  5501 | D:5      | Reached XP level 8. HP: 57/57 MP: 20/20
  6211 | D:5      | Reached skill level 1 in Fighting
  7082 | D:6      | Reached skill level 7 in Spellcasting
  7579 | D:6      | Reached XP level 9. HP: 69/69 MP: 16/24
  7585 | D:6      | Learned a level 5 spell: Yara's Violent Unravelling
  7977 | D:7      | Reached skill level 1 in Transmutations
  8397 | D:7      | Reached skill level 5 in Hexes
  8450 | D:7      | Noticed Maggie
  8465 | D:7      | Killed Maggie
  9290 | D:8      | Noticed Psyche
  9300 | D:8      | Psyche changed into Psyche the steam dragon
  9300 | D:8      | Noticed Psyche
  9332 | D:7      | Reached skill level 5 in Transmutations
  9504 | D:8      | Reached XP level 10. HP: 14/77 MP: 11/25
  9656 | D:8      | Killed Psyche the steam dragon
  9660 | D:8      | Reached skill level 8 in Spellcasting
 10373 | D:9      | Noticed Maurice
 10713 | D:9      | Noticed a two-headed ogre
 10725 | D:9      | Killed a two-headed ogre
 10726 | D:9      | Reached skill level 5 in Dodging
 11400 | D:9      | Killed Maurice
 11401 | D:9      | Reached skill level 9 in Spellcasting
 11580 | D:10     | Entered Level 10 of the Dungeon
 11871 | D:10     | Noticed an elephant
 11895 | D:10     | Killed an elephant
 11896 | D:10     | Reached skill level 5 in Fighting
 12338 | D:10     | Found a staircase to the Lair.
 12457 | D:10     | Reached XP level 11. HP: 58/88 MP: 4/28
 12522 | D:10     | Learned a level 5 spell: Borgnjor's Vile Clutch
 12586 | D:10     | Found a large runed translucent door.
 12587 | D:10     | Found a large runed translucent door.
 12628 | D:10     | Noticed a two-headed ogre
 12638 | D:10     | Killed a two-headed ogre
 12639 | D:10     | Reached skill level 1 in Necromancy
 12639 | D:10     | Reached skill level 1 in Earth Magic
 13090 | D:10     | Found a staircase to the Orcish Mines.
 13210 | D:10     | Reached skill level 1 in Armour
 13957 | D:11     | Noticed a boulder beetle
 13957 | D:11     | Noticed a two-headed ogre
 13971 | D:11     | Killed a two-headed ogre
 13972 | D:11     | Reached skill level 5 in Armour
 13997 | D:11     | Killed a boulder beetle
 14940 | Lair:1   | Entered Level 1 of the Lair of Beasts
 15142 | Lair:1   | HP: 3/88 [wyvern (7)]
 15713 | Lair:1   | Reached skill level 5 in Necromancy
 15713 | Lair:1   | Reached skill level 5 in Earth Magic
 15810 | Lair:1   | Reached XP level 12. HP: 43/94 MP: 19/30
 16462 | Lair:2   | Identified the +1 robe "Kiliafis" {Str+2 Int+4}
 16513 | Lair:2   | Noticed Urug
 16541 | Lair:2   | HP: 7/141 [Urug (12)]
 16542 | Lair:2   | Hit by a javelin thrown by Urug

Illustrated notes

Levels and vault maps discovered:
D:1:      dpeg_arrival_windows_large_door, layout_rooms, basic_ecumenical_altar
D:2:      layout_rooms, basic_altar, wad_woods_river_04,
          kennysheep_generic_room_8
D:3:      layout_rooms, tso_oasis_becter, old_standard_altar,
          nicolae_overflow_squiral
D:4:      layout_layer_cave, lemuel_round_altar, nicolae_overflow_two_pavilions,
          minmay_temple_entry_hall, enter_ossuary_2, ebering_ghost_rock_garden,
          uniq_robin
D:5:      lemuel_castle_with_subvaults [lemuel_castle_interior_carwin_3],
          layout_loops_cross, uniq_grinder
D:6:      layout_cave_pools
D:7:      cheibrodos_quashed, layout_cave_pods, uniq_maggie
D:8:      layout_rooms, nicolae_qazlal_scattered_showers,
          mainiacjoe_overflow_brackets, minmay_large_rounded_square, uniq_psyche
D:9:      layout_gridville, lemuel_zombie_altar_kikubaaqudgha, uniq_maurice
D:10:     layout_irregular_city, jmf_multi_god_temple2, david_lair_generic,
          hiddenorc2_lemuel
D:11:     layout_loops_ring
Lair:1:   layout_roguey
Lair:2:   layout_small_grid, lemuel_fruit_tree, uniq_amaemon, uniq_harold,
          uniq_urug

Skill      XL: |  1  2  3  4  5  6  7  8  9 10 11 12 |
---------------+-------------------------------------+-----
Spellcasting   | 2 3 4 6 7 9 |  9.8
Hexes          | 1 3 4 6 |  6.8
Conjurations   | 4 5 |  5.0
Translocations | 2 3 |  3.0
Dodging        | 3 5 6 |  6.0
Fighting       | 3 5 |  5.6
Transmutations | 5 |  5.0
Necromancy     | 5 |  5.1
Earth Magic    | 5 |  5.1
Armour         | 6 |  6.0
Stealth        | |  1.7

Action                     |  1- 3 |  4- 6 |  7- 9 | 10-12 || total
---------------------------+-------+-------+-------+-------++-------
  Melee: Whip              |       |       |       |    78 ||    78
         Battleaxe         |       |       |       |     3 ||     3
         Punch             |       |       |       |     4 ||     4
   Fire: Sling             |       |    98 |   235 |    33 ||   366
   Cast: Magic Dart        |    91 |    42 |       |    93 ||   226
         Searing Ray       |     2 |    26 |    78 |    60 ||   166
         Fulminant Prism   |       |     1 |    26 |    53 ||    80
         Tukima's Dance    |       |       |    15 |    19 ||    34
         Iskenderun's Myst |       |       |     2 |    22 ||    24
         Dazzling Flash    |       |       |     1 |     4 ||     5
  Evoke: Wand              |       |       |       |    16 ||    16
         Phantom mirror    |       |       |       |     1 ||     1
         Phial of floods   |       |       |       |     1 ||     1
    Use: Potion            |     1 |       |     1 |     7 ||     9
         Scroll            |       |    10 |     6 |     8 ||    24
   Stab: Invisible         |       |       |       |     1 ||     1
 Armour: Robe              |     2 |    55 |    40 |    41 ||   138
         Skin              |       |       |     2 |     1 ||     3
         Troll leather arm |       |       |       |    61 ||    61
  Dodge: Dodged            |    12 |    74 |    99 |   184 ||   369

Table legend: (Time is in decaauts)
 A = Elapsed time spent in this place.
 B = Non-inter-level travel time spent in this place.
 C = Inter-level travel time spent in this place.
 D = Time resting spent in this place.
 E = Time spent auto-exploring this place.
 F = Levels seen in this place.
 G = Mean time per level.
                   A        B        C        D        E       F      G
               +--------+--------+--------+--------+--------+-----+--------+
         Total |  16716 |  16243 |    473 |   1351 |  12362 |  14 | 1194.0 |
       Dungeon |  14191 |  13770 |    421 |   1185 |  10538 |  11 | 1290.1 |
          Lair |   1604 |   1553 |     51 |     66 |   1261 |   2 |  802.0 |
       Ossuary |    920 |    920 |      0 |    100 |    563 |   1 |  920.0 |
               +--------+--------+--------+--------+--------+-----+--------+

Top non-repeatable levels by time:
     D:5: 2087 daAuts
    D:10: 2029 daAuts
     D:7: 1641 daAuts
     D:9: 1473 daAuts
  Lair:1: 1355 daAuts
     D:2: 1200 daAuts
    D:11: 1153 daAuts
     D:4: 1061 daAuts
     D:1: 933 daAuts
 Ossuary: 920 daAuts
     D:8: 896 daAuts
     D:6: 863 daAuts
     D:3: 849 daAuts
  Lair:2: 248 daAuts
